 Dungeon Crawl Stone Soup version 0.29-a0-23-ga79f92ac9c (webtiles) character file.

Game seed: 10272939549423076651

15140 timneilson the Protected (level 12, 0/73 HPs)
             Began as a Gargoyle Fighter on Jan 30, 2022.
             Was a High Priest of Okawaru.
             Slain by an ettin (6 damage)
             ... on level 11 of the Dungeon on Jan 31, 2022.
             The game lasted 00:26:54 (13613 turns).

timneilson the Protected (Gargoyle Fighter)        Turns: 13613, Time: 00:26:54

Health: 0/73       AC: 31    Str: 30    XL:     12   Next: 23%
Magic:  10/15      EV: 12    Int: 13    God:    Okawaru [*****.]
Gold:   975        SH: 10    Dex: 12    Spells: 11/11 levels left

rFire   x . .      SeeInvis .   D - +3 scimitar (flame)
rCold   + . .      Faith    .   u - +2 buckler "Werut" {Rampage rElec rF- Dex+3}
rNeg    + . .      Spirit   .   g - +0 plate armour
rPois   ∞          Reflect  .   (no helmet)
rElec   +          Harm     .   s - +1 cloak "Winumiw" {rCorr Int+3}
rCorr   +          Rampage  +   C - +1 pair of gloves
Will    .....                   (no boots)
Stlth   ..........              (no amulet)
HPRegen 0.22/turn               A - +6 ring of strength
MPRegen 0.14/turn               p - ring of protection from cold

@: heroic, finesse-ful
A: sickness immunity, AC +8, negative energy resistance 1, electricity
resistance, torment resistance 1, petrification resistance
a: Renounce Religion, Heroism, Finesse, Duel


You were on level 11 of the Dungeon.
You worshipped Okawaru.
Okawaru was extremely pleased with you.
You visited 2 branches of the dungeon, and saw 12 of its levels.
You also visited: Bailey.

You collected 1717 gold pieces.
You spent 742 gold pieces at shops.

Inventory:

Hand Weapons
 b - a +2 hand axe of flaming
 D - a +3 scimitar of flaming (weapon)
Armour
 g - a +0 plate armour (worn)
 s - the +1 cloak "Winumiw" (worn) {rCorr Int+3}
   (You bought it in a shop on level 10 of the Dungeon)

   Int:       It affects your intelligence (+3).
   rCorr:     It protects you from acid and corrosion.
 u - the +2 buckler "Werut" (worn) {Rampage rElec rF- Dex+3}
   (You bought it in a shop on level 4 of the Dungeon)

   Dex:       It affects your dexterity (+3).
   rF:        It makes you vulnerable to fire.
   rElec:     It insulates you from electricity.
   Rampage:   It bestows one free step when moving towards enemies.
 C - a +1 pair of gloves (worn)
Jewellery
 c - a ring of ice
 o - a +4 ring of evasion
 p - a ring of protection from cold (right hand)
 w - a ring of protection from fire
 A - a +6 ring of strength (left hand)
 G - a ring of willpower
 H - an amulet of the acrobat
Wands
 d - a wand of flame (4)
 k - a wand of polymorph (8)
 v - a wand of digging (3)
 z - a wand of mindburst (17)
Scrolls
 l - 6 scrolls of fog
 n - a scroll of enchant armour
 q - 2 scrolls of identify
 t - 2 scrolls of magic mapping
 x - 2 scrolls of blinking
 y - 3 scrolls of teleportation
 E - a scroll of brand weapon
Potions
 a - a potion of might
 e - 2 potions of attraction
 f - a potion of lignification
 h - 2 potions of mutation
 i - 4 potions of brilliance
 m - 2 potions of cancellation
 r - a potion of magic
 F - 2 potions of heal wounds
Miscellaneous
 B - a tin of tremorstones (2/2)
 I - a lightning rod (4/4)


   Skills:
 + Level 7.7(12.7) Fighting
 * Level 8.5(13.5) Long Blades
 * Level 10.5(15.5) Armour
 + Level 5.1(10.1) Dodging
 * Level 10.4(15.4) Shields
 + Level 5.2 Invocations
 + Level 5.5 Evocations


You had 11 spell levels left.
You didn't know any spells.
Your spell library contained the following spells:

 Spells                   Type           Power      Damage    Failure   Level
 Freeze                   Ice            0%         1d3       88%         1
 Pain                     Necr           0%         1d4       88%         1
 Corpse Rot               Necr/Air       0%         N/A       95%         2
 Wereblood                Tmut           0%         N/A       95%         2
 Frozen Ramparts          Ice            0%         1d2       99%         3
 Ignite Poison            Fire/Tmut/Pois 0%         N/A       99%         3
 Mephitic Cloud           Conj/Pois/Air  0%         N/A       99%         3
 Vampiric Draining        Necr           0%         2d6       99%         3
 Dispel Undead            Necr           0%         3d6       100%        4
 Hailstorm                Conj/Ice       0%         3d3       100%        4
 Freezing Cloud           Conj/Ice/Air   0%         6-21      100%        5
 Animate Skeleton         Necr           Unusable   N/A       N/A         1
 Sublimation of Blood     Necr           Unusable   N/A       N/A         2
 Death Channel            Necr           Unusable   N/A       N/A         6
 Summon Hydra             Summ           Unusable   N/A       N/A         7

Dungeon Overview and Level Annotations

Branches:
Dungeon (11/15)            Temple (1/1) D:7            Lair (0/6) D:10
 Bailey (visited)
    Orc: D:9-12

Altars:
Ashenzari
Cheibriados
Dithmenos
Elyvilon
Fedhas
Gozag
Hepliaklqana
Kikubaaqudgha
Makhleb
Nemelex Xobeh
Okawaru
Qazlal
Ru
Sif Muna
Trog
Uskayaw
Vehumet
Wu Jian
Xom
Yredelemnul
Zin
The Shining One

Shops:
D:4 [   D:6 (   D:10 ?(?[

Annotations:
D:8 exclusion: oklob sapling
D:10 2 transporters, exclusion: 2 oklob plants


Innate Abilities, Weirdness & Mutations

You are immune to sickness and miasma.
Your stone body is resilient. (AC +8)
You are immune to poison.
You resist negative energy. (rN+)
You are resistant to electric shocks. (rElec)
You are resistant to unholy torment.
You are immune to petrification.


Message History

You block the centaur warrior zombie's attack.
Items here: ) [ ††.
You slice the manticore!! You burn the manticore!
The manticore is severely wounded.
You hit the manticore. You burn the manticore.
The manticore is severely wounded.
You hit the manticore but do no damage.
The manticore is severely wounded.
The manticore closely misses you.
The manticore claws you but does no damage.
The manticore barely misses you.
You slash the manticore! You burn the manticore.
You kill the manticore!
Okawaru accepts your kill.
You slash the centaur warrior zombie! You burn the centaur warrior zombie.
The centaur warrior zombie is heavily damaged.
You hit the centaur warrior zombie. You burn the centaur warrior zombie.
The centaur warrior zombie is heavily damaged.
The centaur warrior zombie hits you.
The centaur warrior zombie barely misses you.
You slice the centaur warrior zombie!! You burn the centaur warrior zombie.
The centaur warrior zombie is almost destroyed.
You slice the centaur warrior zombie!! You burn the centaur warrior zombie!
You destroy the centaur warrior zombie!
Okawaru accepts your kill.
The ettin hits you with a +0 vorpal dire flail!!
The ettin closely misses you.
You see here a potion of heal wounds.
You slice the ettin!! You burn the ettin!
The ettin is heavily wounded.
You block the ettin's attack. x2
You hit the ettin but do no damage.
The ettin is heavily wounded.
You hit the ettin. You burn the ettin.
The ettin is heavily wounded.
You slice the ettin!! You burn the ettin.
The ettin is severely wounded.
The ettin hits you with a +0 vorpal dire flail!!
* * * LOW HITPOINT WARNING * * *
You die...

.≈≈≈≈≈≈.........
≈≈≈≈≈≈≈≈.#####.#
#≈≈≈≈≈≈#.#
##≈≈≈≈##†#
###≈≈###.# ##
.#######.# #.##
.≈≈#.....#
###)##
≈≈≈≈.....#
##C..#$#
≈≈≈≈.....#
#@###(#
≈≈≈≈####.#
####.#.#
≈≈≈≈####.#
#).##.###
≈≈≈≈.....#
#.#.#)#.# #
≈≈≈≈####.##
#.#..#$##.#
≈≈≈≈.#....#
#.#######.###
≈≈≈≈.#....#
#.#..........
≈≈≈≈.#....#
#............
≈≈≈≈.#....#
###..........


You could see an ettin.

Vanquished Creatures
  An orc warlord (Bailey)
  An ogre mage (D:11)
  Fannar (D:11)
  A boulder beetle (D:11)
  3 two-headed ogres
  A deep troll earth mage (D:11)
  An orc knight (Bailey)
  A manticore (D:11)
  An ugly thing (D:9)
  An unseen horror (D:11)
  2 trolls
  3 wraiths
  17 yaks
  Edmund (D:4)
  A floating eye (shapeshifter) (D:11)
  2 water moccasins
  6 orc warriors
  3 ice beasts
  2 black bears
  A sky beast (D:5)
  A necrophage (D:5)
  8 centaurs
  2 ogres
  2 bullfrogs
  2 kobold brigands
  A gnoll sergeant (D:7)
  3 scorpions
  7 killer bees
  3 wights (D:8)
  10 electric eels
  4 centaur zombies
  4 hounds
  A jelly (D:6)
  2 centaur skeletons
  8 orc priests
  Ijyb (D:5)
  4 iguanas (D:5)
  7 orc wizards
  Natasha (thrice) (D:4)
  A hound skeleton (D:5)
  14 gnolls
  2 howler monkey skeletons
  10 adders
  A shadow imp (D:6)
  2 white imps (D:5)
  3 worms
  3 dart slugs
  28 orcs
  14 endoplasms
  2 giant cockroaches
  7 hobgoblins
  10 ball pythons
  13 bats
  9 frilled lizards
  13 goblins
  24 kobolds
  5 rats
284 creatures vanquished.

Vanquished Creatures (others)
  A wolf spider (D:10)
  A fungus (D:5)
  17 plants
  6 toadstools (D:5)
25 creatures vanquished.

Grand Total: 309 creatures vanquished

Notes
Turn   | Place    | Note
-------+----------+-------------------------------------------
     0 | D:1      | timneilson the Gargoyle Fighter began the quest for the
                  | Orb.
     0 | D:1      | Reached XP level 1. HP: 14/14 MP: 1/1
   295 | D:1      | Reached XP level 2. HP: 19/19 MP: 2/2
   510 | D:1      | Found a faded altar of an unknown god.
   901 | D:1      | Reached XP level 3. HP: 23/23 MP: 3/3
  1293 | D:2      | Found a burning altar of Makhleb.
  2490 | D:3      | Reached XP level 4. HP: 28/28 MP: 4/4
  3390 | D:4      | Reached skill level 1 in Dodging
  3390 | D:4      | Reached XP level 5. HP: 21/33 MP: 5/5
  3394 | D:4      | Noticed Natasha
  3402 | D:4      | Killed Natasha
  3411 | D:4      | Found a broken altar of Ashenzari.
  3642 | D:4      | Noticed Edmund
  3650 | D:4      | Noticed Natasha
  3659 | D:4      | Killed Edmund
  3660 | D:4      | Reached skill level 1 in Evocations
  3660 | D:4      | Reached XP level 6. HP: 26/38 MP: 6/6
  3663 | D:4      | Killed Natasha
  3703 | D:4      | Noticed Natasha
  3708 | D:4      | Killed Natasha
  3863 | D:4      | Reached skill level 5 in Armour
  3863 | D:4      | Reached XP level 7. HP: 38/43 MP: 7/7
  4007 | D:4      | Found Qirrilezeh's Antique Armour Shop.
  4014 | D:4      | Bought a masterwork buckler for 218 gold pieces
  4014 | D:4      | Identified the +2 buckler "Werut" {Rampage rElec rF- Dex+3}
                  | (You bought it in a shop on level 4 of the Dungeon)
  4044 | D:5      | Entered Level 5 of the Dungeon
  4188 | D:5      | Reached skill level 5 in Shields
  4779 | D:5      | Reached XP level 8. HP: 41/48 MP: 8/8
  4856 | D:5      | Noticed Ijyb
  4868 | D:5      | Killed Ijyb
  5643 | D:6      | Reached skill level 5 in Fighting
  6112 | D:6      | Found Musigant's Weapon Boutique.
  6467 | D:6      | Reached skill level 5 in Long Blades
  6539 | D:6      | Reached XP level 9. HP: 53/54 MP: 9/9
  6958 | D:7      | Found a staircase to the Ecumenical Temple.
  6969 | Temple   | Entered the Ecumenical Temple
  7153 | Temple   | Became a worshipper of Warmaster Okawaru
  7746 | D:7      | Found a bloodstained altar of Trog.
  7809 | D:7      | Reached skill level 1 in Invocations
  8265 | D:8      | Reached * piety under Okawaru
  8297 | D:8      | Reached XP level 10. HP: 20/60 MP: 11/11
  8523 | D:8      | Noticed a two-headed ogre
  8531 | D:8      | Killed a two-headed ogre
  8531 | D:8      | Reached ** piety under Okawaru
  9284 | D:9      | Found an ornate altar of the Wu Jian Council.
  9285 | D:9      | Found a radiant altar of Vehumet.
  9291 | D:9      | Noticed a purple ugly thing
  9299 | D:9      | Killed a purple ugly thing
  9935 | D:9      | Reached *** piety under Okawaru
 10055 | D:9      | Identified the +7 spear of Kiud {pain, rN+ Int+7}
 10631 | D:9      | Reached XP level 11. HP: 50/66 MP: 13/13
 10917 | D:10     | Entered Level 10 of the Dungeon
 10924 | D:10     | Found a transporter.
 10924 | D:10     | Noticed a centaur warrior
 10924 | D:10     | Noticed a wolf spider
 10926 | D:10     | Found a snail-covered altar of Cheibriados.
 10967 | D:10     | Noticed a two-headed ogre
 10978 | D:10     | Killed a two-headed ogre
 11015 | D:10     | Killed a wolf spider
 11017 | D:10     | Found a transporter.
 11051 | D:10     | Reached **** piety under Okawaru
 11059 | D:10     | Found Ofoblim's Antique Armour Shop.
 11070 | D:10     | Bought an encrusted cloak for 304 gold pieces
 11070 | D:10     | Identified the +1 cloak "Winumiw" {rCorr Int+3} (You bought
                  | it in a shop on level 10 of the Dungeon)
 11168 | D:10     | Found Rairchij's Magic Scroll Boutique.
 11171 | D:10     | Noticed a two-headed ogre
 11178 | D:10     | Killed a two-headed ogre
 11189 | D:10     | Found a flagged portal.
 11196 | Bailey   | Entered a bailey
 11263 | Bailey   | Noticed an orc warlord
 11435 | Bailey   | Found a runed translucent gate.
 11436 | Bailey   | Found a runed translucent gate.
 11438 | Bailey   | Found a runed translucent gate.
 11452 | Bailey   | Noticed an orc knight
 11462 | Bailey   | Killed an orc knight
 11466 | Bailey   | HP: 3/67 [orc warrior (11)]
 11808 | Bailey   | Killed an orc warlord
 11809 | Bailey   | Reached skill level 5 in Evocations
 11834 | Bailey   | Acquired 889 gold pieces
 12010 | D:10     | Found a white marble altar of Elyvilon.
 12116 | D:10     | Found a staircase to the Lair.
 12117 | D:10     | Noticed an oklob plant
 12133 | D:10     | Found Riyhikarro's Magic Scroll Boutique.
 12138 | D:10     | Bought a scroll of brand weapon for 220 gold pieces
 12244 | D:10     | Noticed an oklob plant
 12268 | D:10     | Found Doyteh's Antique Weapon Boutique.
 12767 | D:11     | Reached ***** piety under Okawaru
 13137 | D:11     | Reached skill level 10 in Armour
 13138 | D:11     | Noticed a boulder beetle
 13169 | D:11     | Killed a boulder beetle
 13170 | D:11     | Reached skill level 10 in Shields
 13371 | D:11     | Noticed Fannar
 13382 | D:11     | Killed Fannar
 13383 | D:11     | Reached XP level 12. HP: 51/72 MP: 13/15
 13558 | D:11     | Identified the +4 scale mail "Juyff" {rPois rF+ Int+3 SInv}
                  | (Okawaru gifted it to you on level 11 of the Dungeon)
 13558 | D:11     | Received a gift from Okawaru
 13559 | D:11     | Reached skill level 5 in Invocations
 13575 | D:11     | Noticed an ettin
 13576 | D:11     | Noticed an ogre mage
 13578 | D:11     | Paralysed by a floating eye for 2 turns
 13582 | D:11     | Killed an ogre mage
 13583 | D:11     | Reached skill level 5 in Dodging
 13584 | D:11     | Noticed a deep troll earth mage
 13597 | D:11     | Killed a deep troll earth mage
 13613 | D:11     | Slain by an ettin

Illustrated notes

Levels and vault maps discovered:
D:1:      lemuel_arrival_river_bridge, layout_basic,
          shapermc_ecumenical_altar_pompeii
D:2:      layout_loops_corners, basic_altar
D:3:      layout_basic
D:4:      layout_basic, mainiacjoe_overflow_boulevard, serial_shops,
          nicolae_shop_window_shopping, minmay_statues_item, moated_statue,
          uniq_edmund, uniq_natasha
D:5:      layout_loops_cross, minmay_gold_behind_fungi, chequers_arboretum,
          hex_medium, uniq_ijyb
D:6:      layout_layer_cave, serial_shops, nicolae_square_shop
D:7:      layout_loops_ring, overflow_temple_1_default,
          minmay_temple_entry_mini_moons, amcnicky_mini_corridor_feature
D:8:      layout_loops_ring, introduction_to_nature_2
D:9:      layout_basic, mainiacjoe_overflow_big_doors, columned_hall_lemuel,
          serial_bayou_pond_a, centaur_isle
D:10:     layout_roguey, nicolae_elyvilon_peaceful_grove,
          gammafunk_temple_overflow_arena, dpeg_oklobed_lair, enter_bailey_3,
          serial_bayou, serial_bayou_lagoon_a, serial_bayou_pond_e,
          serial_bayou_lake_a, serial_bayou_shore_b, serial_shops, shop,
          nicolae_diamond_shop, nicolae_shop_hallway_stairs, shop
D:11:     minmay_glassy_protrusions, layout_basic, minmay_misc_feat_x,
          uniq_fannar
Temple:   eino_temple_scatter_basement

Skill      XL: |  1  2  3  4  5  6  7  8  9 10 11 12 |
---------------+-------------------------------------+-----
Long Blades    | 2 3 4 5 6 7 8 |  8.5
Armour         | 4 5 6 7 9 10 | 10.5
Dodging        | 1 2 3 4 5 |  5.1
Shields        | 4 5 6 7 8 10 | 10.4
Fighting       | 4 5 6 7 |  7.7
Evocations     | 1 2 3 4 5 |  5.5
Invocations    | 2 3 4 5 |  5.2

Action                   |  1- 3 |  4- 6 |  7- 9 | 10-12 || total
-------------------------+-------+-------+-------+-------++-------
Melee: Long sword        |   144 |   138 |    87 |       ||   369
       Scimitar          |       |       |   387 |   472 ||   859
Invok: Heroism           |       |       |       |    19 ||    19
       Finesse           |       |       |       |     4 ||     4
Evoke: Wand              |       |       |       |     2 ||     2
  Use: Scroll            |     4 |     2 |    12 |     3 ||    21
       Potion            |       |     2 |     1 |     6 ||     9
 Stab: Distracted        |       |       |       |     1 ||     1
Armor: Scale mail        |    48 |       |       |       ||    48
       Chain mail        |    54 |    69 |   240 |   180 ||   543
       Plate armour      |       |       |       |    35 ||    35
Dodge: Dodged            |    80 |    62 |   284 |   180 ||   606
Block: Buckler           |    47 |    32 |   173 |   179 ||   431

Table legend: (Time is in decaauts)
 A = Elapsed time spent in this place.
 B = Non-inter-level travel time spent in this place.
 C = Inter-level travel time spent in this place.
 D = Time resting spent in this place.
 E = Time spent auto-exploring this place.
 F = Levels seen in this place.
 G = Mean time per level.
                   A        B        C        D        E       F      G
               +--------+--------+--------+--------+--------+-----+--------+
         Total |  13825 |  13399 |    426 |    986 |   9130 |  13 | 1063.5 |
       Dungeon |  12853 |  12438 |    415 |    604 |   8800 |  11 | 1168.5 |
        Temple |    341 |    330 |     11 |      0 |    310 |   1 |  341.0 |
        Bailey |    629 |    629 |      0 |    382 |     20 |   1 |  629.0 |
               +--------+--------+--------+--------+--------+-----+--------+

Top non-repeatable levels by time:
     D:9: 1684 daAuts
     D:6: 1347 daAuts
     D:5: 1324 daAuts
     D:1: 1316 daAuts
    D:10: 1229 daAuts
     D:3: 1188 daAuts
     D:7: 1157 daAuts
     D:8: 1095 daAuts
     D:2: 886 daAuts
    D:11: 858 daAuts
     D:4: 765 daAuts
  Bailey: 629 daAuts
  Temple: 341 daAuts
